[Event "GCT 11th Sinquefield Cup 2024"]
[Site "Saint Louis"]
[Date "2024.08.28"]
[Round "9.5"]
[White "Vachier-Lagrave, Maxime"]
[Black "Ding, Liren"]
[Result "1-0"]
[ECO "C77"]
[WhiteElo "2721"]
[BlackElo "2745"]
[Annotator "TA"]
[PlyCount "73"]
[EventDate "2024.08.09"]
[EventType "tourn"]
[EventCountry "USA"]
[SourceTitle "playchess.com"]
[Source "ChessBase"]
[SourceQuality "1"]
[TimeControl "7200+30"]

1. e4 e5 2. Nf3 Nc6 3. Bb5 a6 4. Ba4 Nf6 5. d3 b5 6. Bb3 Bc5 7. c3 d6 8. Bg5 h6 9. Bh4 Ba7 10. O-O {[%emt 0:02:05] White has an edge.} Na5 11. Bc2 c5 12. Nbd2 g5 13. Bg3 Nh5 14. h3 Rb8 15. Kh1 Rb7 16. Nh2 Nf4 17. Ng4 h5 18. Ne3 g4 19. h4 Ng6 20. Qe1 $1 Kf8 ({Black should try} 20... Nxh4 $14 21. f4 Ng6) 21. f3 (21. f4 $142) 21... c4 22. dxc4 Bxe3 23. Qxe3 {[%emt 0:00:08] Threatens to win with cxb5.} Nxc4 24. Nxc4 bxc4 {[%emt 0:00:04] [#]} 25. b4 (25. fxg4 hxg4 26. b3 Nxh4 $17) 25... gxf3 26. Qxf3 ({But not} 26. Rxf3 Nxh4 27. Bxh4 Qxh4+ 28. Kg1 Be6 $11) 26... Bg4 {[%emt 0:05:24] [#]} ({Black should play} 26... Nxh4 $14 27. Qf6 Qxf6 28. Rxf6 Ng6) 27. Qf2 $1 $16 Kg7 28. a4 Re8 (28... Rf8 $16 29. Kg1 f6) 29. Bd1 $18 Rd7 30. a5 Nf4 $2 (30... Bxd1 31. Raxd1 Rg8) 31. Ba4 Nd3 32. Qb6 Re6 $2 (32... Qxb6 {keeps fighting.} 33. axb6 Rb8 34. Bxd7 Bxd7 35. Rxa6 Bg4) 33. Bxd7 {[%emt 0:00:40] White is clearly winning.} Qxd7 34. Qxa6 Be2 35. Rf5 Rg6 36. Kh2 d5 37. Rg5 {[%emt 0:01:10] Weighted Error Value: White=0.08 (flawless) /Black=0.38.  Mistake:       	White=1     	Black=5      Inaccurate:     	---       	Black=1      OK:         	White=12    	Black=11     Best:        	White=3     	---        Strong:       	White=2     	---} (37. Bxe5+ Nxe5 38. Qa8 Qc7 $19) 1-0